3AA
ASHEVILLE HIGHLANDERS @ BARTON SPRINGS BLUES
07/30/2042
 
TOP OF THE 1ST
Asheville Highlanders batting - Pitching for Barton Springs Blues : RHP Mario Gonzáles
Pitching: RHP Mario Gonzáles
Batting: LHB Juan Sapinoso 0-0: Ball
1-0: Ball
2-0: Ball
3-0: Base on Balls
Batting: RHB Tikaroa Hakapuna 0-0: Ball
1-0: SINGLE (Groundball, 56D, EV 95.0 MPH)
Juan Sapinoso to second
Runner from 2nd tries for 3rd, SAFE, no throw by LF
Batting: SHB Wendell Palmer 0-0: Ball
1-0: Ball
2-0: Swinging Strike
2-1: Called Strike
2-2: Ball
3-2: Foul Ball, location: 2F
3-2: Foul Ball, location: 2F
3-2: Strikes out swinging
Batting: SHB Dean Barthorpe 0-0: Ball
1-0: Ball
2-0: Called Strike
2-1: Hit by Pitch
Tikaroa Hakapuna to second
Batting: RHB Joe Frank 0-0: Fly out, F8 (Flyball, 8LM, EV 90.0 MPH)
Runner from 3rd tags up, SCORES, throw by CF
Batting: RHB Tony Castellanos 0-0: Called Strike
0-1: Ball
1-1: Called Strike
1-2: Ball
2-2: Strikes out swinging
Top of the 1st over - 1 run, 1 hit, 0 errors, 2 left on base; Asheville 1 - Barton Springs 0
BOTTOM OF THE 1ST
Barton Springs Blues batting - Pitching for Asheville Highlanders : RHP John Boyd
Pitching: RHP John Boyd
Batting: RHB Steffen Schulte 0-0: Ball
1-0: Foul Ball, location: 2F
1-1: Foul Ball, location: 2F
1-2: SINGLE (Groundball, 56D, EV 111.2 MPH)
Batting: RHB Donald Martin 0-0: Ball
1-0: Called Strike
1-1: Fielders Choice at 2nd, 4-6 (Groundball, 34, EV 103.1 MPH)
Batting: SHB Bill Gatacre 0-0: Ball
1-0: Ball
2-0: SINGLE (Flyball, 78S, EV 86.9 MPH)
Donald Martin to second
Batting: RHB Cyrillo Watson 0-0: Fly out, F8 (Flyball, 8LS, EV 86.9 MPH)
Batting: RHB Shawn Mullins 0-0: Ball
1-0: Ground out 4-3 (Groundball, 4, EV 87.5 MPH)
Bottom of the 1st over - 0 runs, 2 hits, 0 errors, 2 left on base; Asheville 1 - Barton Springs 0
TOP OF THE 2ND
Asheville Highlanders batting - Pitching for Barton Springs Blues : RHP Mario Gonzáles
Batting: RHB Lane Ruffin 0-0: Ball
1-0: SINGLE (Groundball, 3D, EV 96.9 MPH)
Batting: RHB Ted Murphy 0-0: Ball
Lane Ruffin steals 2nd base
1-0: Foul Ball, location: 2F
1-1: Ball
2-1: Called Strike
2-2: Foul Ball, location: 2F
2-2: Foul Ball, location: 2F
2-2: Strikes out swinging
Batting: RHB Dan Olson 0-0: Ball
1-0: Ball
2-0: Foul Ball, location: 2F
2-1: Ball
3-1: Ground out 4-3 (Groundball, 4, EV 106.2 MPH)
Lane Ruffin to third
Batting: LHB Juan Sapinoso 0-0: Called Strike
0-1: Swinging Strike
0-2: Ball
1-2: Fly out, F7 (Flyball, 7S, EV 86.9 MPH)
Top of the 2nd over - 0 runs, 1 hit, 0 errors, 1 left on base; Asheville 1 - Barton Springs 0
BOTTOM OF THE 2ND
Barton Springs Blues batting - Pitching for Asheville Highlanders : RHP John Boyd
Batting: RHB Denny Wolfe 0-0: Called Strike
0-1: Fly out, F8 (Flyball, 8RD, EV 96.9 MPH)
Batting: RHB George Towns 0-0: Called Strike
0-1: Ball
1-1: Ground out 6-3 (Groundball, 6, EV 85.0 MPH)
Batting: RHB José González 0-0: Ball
1-0: Foul Ball, location: 2F
1-1: Swinging Strike
1-2: Ground out 6-3 (Groundball, 6, EV 106.2 MPH)
Bottom of the 2nd over - 0 runs, 0 hits, 0 errors, 0 left on base; Asheville 1 - Barton Springs 0
TOP OF THE 3RD
Asheville Highlanders batting - Pitching for Barton Springs Blues : RHP Mario Gonzáles
Batting: RHB Tikaroa Hakapuna 0-0: Called Strike
0-1: Ball
1-1: Called Strike
1-2: Strikes out looking
Batting: SHB Wendell Palmer 0-0: Ball
1-0: Ball
2-0: Ball
3-0: Base on Balls
Batting: SHB Dean Barthorpe 0-0: Ball
1-0: Ball
2-0: Called Strike
2-1: Ball
3-1: Base on Balls
Wendell Palmer to second
Batting: RHB Joe Frank 0-0: Called Strike
0-1: Foul Ball, location: 2F
0-2: Ball
1-2: Foul Ball, location: 2F
1-2: Ball
2-2: Strikes out looking
Batting: RHB Tony Castellanos 0-0: Called Strike
0-1: Fielders Choice at 2nd, 6-4 (Groundball, 56, EV 105.0 MPH)
Top of the 3rd over - 0 runs, 0 hits, 0 errors, 2 left on base; Asheville 1 - Barton Springs 0
BOTTOM OF THE 3RD
Barton Springs Blues batting - Pitching for Asheville Highlanders : RHP John Boyd
Batting: RHB Mike O'Neill 0-0: Ball
1-0: Swinging Strike
1-1: Ball
2-1: Foul Ball, location: 2F
2-2: Foul Ball, location: 2F
2-2: Ground out 5-3 (Groundball, 56, EV 105.6 MPH)
Batting: RHB Steffen Schulte 0-0: Ball
1-0: Ball
2-0: Called Strike
2-1: Foul Ball, location: 2F
2-2: Ball
3-2: Ground out 5-3 (Groundball, 5L, EV 84.4 MPH)
Batting: RHB Donald Martin 0-0: Ball
1-0: Ground out 5-3 (Groundball, 5L, EV 81.9 MPH)
Bottom of the 3rd over - 0 runs, 0 hits, 0 errors, 0 left on base; Asheville 1 - Barton Springs 0
TOP OF THE 4TH
Asheville Highlanders batting - Pitching for Barton Springs Blues : RHP Mario Gonzáles
Batting: RHB Lane Ruffin 0-0: Ball
1-0: Foul Ball, location: 2F
1-1: Swinging Strike
1-2: Ball
2-2: Ball
3-2: Base on Balls
Batting: RHB Ted Murphy 0-0: Ball
1-0: Ball
2-0: Foul Ball, location: 2F
2-1: SINGLE (Groundball, 6MD, EV 99.4 MPH)
Lane Ruffin to second
Runner from 2nd tries for 3rd, SAFE, throw by CF made to third
Batting: RHB Dan Olson 0-0: Ball
1-0: Ball
2-0: Called Strike
2-1: Ball
3-1: Called Strike
3-2: Base on Balls
Ted Murphy to second
Batting: LHB Juan Sapinoso 0-0: SINGLE (Line Drive, 4M, EV 98.1 MPH)
Lane Ruffin scores
Ted Murphy to third
Dan Olson to second
Batting: RHB Tikaroa Hakapuna 0-0: Foul Ball, location: 2F
0-1: Ball
1-1: Fly out, F9 (Line Drive, 9D, EV 98.1 MPH)
Runner from 3rd tags up, SCORES, throw by RF
Dan Olson to third
Batting: SHB Wendell Palmer 0-0: DOUBLE (Line Drive, 7LD, EV 109.4 MPH)
Dan Olson scores
Juan Sapinoso to third
Batting: SHB Dean Barthorpe 0-0: Called Strike
0-1: Ball
1-1: Fly out, F8 (Line Drive, 8LD, EV 94.4 MPH)
Runner from 3rd tags up, SCORES, throw by CF
Wendell Palmer to third
Batting: RHB Joe Frank 0-0: Called Strike
0-1: Ball
1-1: Called Strike
1-2: Foul Ball, location: 2F
1-2: Ball
2-2: SINGLE (Groundball, 4D, EV 96.2 MPH)
Wendell Palmer scores
Pitching: RHP Alastair England
Batting: RHB Tony Castellanos 0-0: Ball
1-0: Ball
2-0: Ball
3-0: Called Strike
3-1: Foul Ball, location: 2F
3-2: Foul Ball, location: 2F
3-2: Base on Balls
Joe Frank to second
Batting: RHB Lane Ruffin 0-0: Called Strike
0-1: Ball
1-1: Ball
2-1: Called Strike
2-2: SINGLE (Flyball, 9S, EV 90.0 MPH)
Joe Frank to third
Tony Castellanos to second
Runner from 3rd tries for Home, SAFE, throw by RF to home
Batting: RHB Ted Murphy 0-0: SINGLE (Line Drive, 78S, EV 104.4 MPH)
Tony Castellanos to third
Lane Ruffin to second
Runner from 3rd tries for Home, SAFE, throw by LF to home
Batting: RHB Dan Olson 0-0: Ball
1-0: Ball
2-0: Swinging Strike
2-1: Called Strike
2-2: Foul Ball, location: 2F
2-2: Ball
3-2: Base on Balls
Lane Ruffin to third
Ted Murphy to second
Batting: LHB Juan Sapinoso 0-0: Ball
1-0: Called Strike
1-1: Called Strike
1-2: Foul Ball, location: 2F
1-2: Ball
2-2: SINGLE (Line Drive, 78S, EV 93.1 MPH)
Lane Ruffin scores
Ted Murphy to third
Dan Olson to second
Runner from 3rd tries for Home, SAFE, throw by LF to home
Batting: RHB Tikaroa Hakapuna 0-0: Called Strike
0-1: Ball
1-1: Foul Ball, location: 2F
1-2: Foul Ball, location: 2F
1-2: Ball
2-2: Foul Ball, location: 2F
2-2: Ground out 1-3 (Groundball, 34S, EV 78.8 MPH)
Top of the 4th over - 9 runs, 7 hits, 0 errors, 2 left on base; Asheville 10 - Barton Springs 0
BOTTOM OF THE 4TH
Barton Springs Blues batting - Pitching for Asheville Highlanders : RHP John Boyd
Batting: SHB Bill Gatacre 0-0: Foul Ball, location: 2F
0-1: Ball
1-1: Ball
2-1: Foul Ball, location: 2F
2-2: SOLO HOME RUN (Flyball, 9LD, EV 108.8 MPH), Distance : 356 ft
Batting: RHB Cyrillo Watson 0-0: Called Strike
0-1: Swinging Strike
0-2: Ball
1-2: Ball
2-2: Ball
3-2: Foul Ball, location: 2F
3-2: Foul Ball, location: 2F
3-2: SINGLE (Line Drive, 3D, EV 98.1 MPH)
Batting: RHB Shawn Mullins 0-0: Ball
1-0: Called Strike
1-1: Ball
2-1: Ball
3-1: Fly out, F7 (Line Drive, 7S, EV 101.2 MPH)
Batting: RHB Denny Wolfe 0-0: Ball
1-0: Called Strike
1-1: Fly out, F8 (Line Drive, 8LD, EV 98.1 MPH)
Batting: RHB George Towns 0-0: SINGLE (Line Drive, 7S, EV 89.4 MPH)
Cyrillo Watson to second
Batting: RHB José González 0-0: Ball
1-0: Fielders Choice at 2nd, 5-4 (Groundball, 5, EV 90.6 MPH)
Bottom of the 4th over - 1 run, 3 hits, 0 errors, 2 left on base; Asheville 10 - Barton Springs 1
TOP OF THE 5TH
Asheville Highlanders batting - Pitching for Barton Springs Blues : RHP Alastair England
Batting: SHB Wendell Palmer 0-0: Called Strike
0-1: DOUBLE (Line Drive, 7LD, EV 113.8 MPH)
Batting: SHB Dean Barthorpe 0-0: Ball
1-0: Swinging Strike
1-1: Ground out 3-1 (Groundball, 34S, EV 82.5 MPH)
Wendell Palmer to third
Batting: RHB Joe Frank 0-0: Ball
1-0: Ground out 5-3 (Groundball, 56, EV 102.5 MPH)
Wendell Palmer scores
Batting: RHB Tony Castellanos 0-0: Called Strike
0-1: Ground out 5-3 (Groundball, 5L, EV 105.0 MPH)
Top of the 5th over - 1 run, 1 hit, 0 errors, 0 left on base; Asheville 11 - Barton Springs 1
BOTTOM OF THE 5TH
Barton Springs Blues batting - Pitching for Asheville Highlanders : RHP John Boyd
Batting: RHB Mike O'Neill 0-0: Ball
1-0: Ball
2-0: Foul Ball, location: 2F
2-1: Ball
3-1: Base on Balls
Batting: RHB Steffen Schulte 0-0: Called Strike
0-1: Foul Ball, location: 2F
0-2: Ball
1-2: SINGLE (Line Drive, 8LS, EV 110.6 MPH)
Mike O'Neill to second
Batting: RHB Donald Martin 0-0: Ball
1-0: Ball
2-0: Foul Ball, location: 2F
2-1: Ball
3-1: SINGLE (Groundball, 56D, EV 109.4 MPH)
Mike O'Neill to third
Steffen Schulte to second
Batting: SHB Bill Gatacre 0-0: DOUBLE (Line Drive, 7LM, EV 105.6 MPH)
Mike O'Neill scores
Steffen Schulte scores
Donald Martin to third
Batting: RHB Cyrillo Watson 0-0: Ball
1-0: Foul Ball, location: 2F
1-1: Ball
2-1: Called Strike
2-2: Ball
3-2: Base on Balls
Pitching: RHP Jesús Gordini
Batting: RHB Shawn Mullins 0-0: Called Strike
0-1: Grounds into fielders choice 1-2 (Groundball, 13, EV 86.9 MPH)
Bill Gatacre to third
Cyrillo Watson to second
Batting: RHB Denny Wolfe 0-0: Called Strike
0-1: Ball
1-1: Swinging Strike
1-2: Strikes out swinging
Batting: RHB George Towns 0-0: Called Strike
0-1: Ball
1-1: Swinging Strike
1-2: Strikes out swinging
Bottom of the 5th over - 2 runs, 3 hits, 0 errors, 3 left on base; Asheville 11 - Barton Springs 3
TOP OF THE 6TH
Asheville Highlanders batting - Pitching for Barton Springs Blues : RHP Alastair England
Batting: RHB Lane Ruffin 0-0: Foul Ball, location: 2F
0-1: Ground out 4-3 (Groundball, 34, EV 84.4 MPH)
Batting: RHB Ted Murphy 0-0: Called Strike
0-1: Foul Ball, location: 2F
0-2: Ball
1-2: Ground out 6-3 (Groundball, 6, EV 98.1 MPH)
Batting: RHB Dan Olson 0-0: Called Strike
0-1: Ball
1-1: Ball
2-1: Foul Ball, location: 2F
2-2: Foul Ball, location: 2F
2-2: Ball
3-2: Base on Balls
Batting: LHB Juan Sapinoso 0-0: SINGLE (Line Drive, 7LS, EV 101.9 MPH)
Dan Olson to second
Pitching: LHP Laurens Bancroft
Batting: RHB Tikaroa Hakapuna 0-0: Called Strike
0-1: Called Strike
0-2: Foul Ball, location: 2F
0-2: Ball
1-2: Fly out, F9 (Flyball, 9S, EV 82.5 MPH)
Top of the 6th over - 0 runs, 1 hit, 0 errors, 2 left on base; Asheville 11 - Barton Springs 3
BOTTOM OF THE 6TH
Barton Springs Blues batting - Pitching for Asheville Highlanders : RHP Jesús Gordini
Batting: RHB José González 0-0: Called Strike
0-1: Ball
1-1: Ball
2-1: Fly out, F9 (Flyball, 89D, EV 73.8 MPH)
Batting: RHB Mike O'Neill 0-0: Called Strike
0-1: Ball
1-1: Swinging Strike
1-2: Strikes out looking
Batting: RHB Steffen Schulte 0-0: Called Strike
0-1: Ball
1-1: Foul Ball, location: 2F
1-2: Fly out, F8 (Line Drive, 8LD, EV 90.6 MPH)
Bottom of the 6th over - 0 runs, 0 hits, 0 errors, 0 left on base; Asheville 11 - Barton Springs 3
TOP OF THE 7TH
Asheville Highlanders batting - Pitching for Barton Springs Blues : LHP Laurens Bancroft
Batting: SHB Wendell Palmer 0-0: Called Strike
0-1: Foul Ball, location: 2F
0-2: Ball
1-2: Foul Ball, location: 2F
1-2: Foul Ball, location: 2F
1-2: Ball
2-2: Ball
3-2: Base on Balls
Batting: SHB Dean Barthorpe 0-0: Swinging Strike
0-1: Foul Ball, location: 2F
0-2: Strikes out looking
Batting: RHB Joe Frank 0-0: Fielders Choice at 2nd, 5-4 (Groundball, 56S, EV 90.6 MPH)
Batting: RHB Tony Castellanos 0-0: Ball
1-0: Called Strike
1-1: Ball
2-1: Swinging Strike
2-2: Foul Ball, location: 2F
2-2: Ball
3-2: Strikes out swinging
Top of the 7th over - 0 runs, 0 hits, 0 errors, 1 left on base; Asheville 11 - Barton Springs 3
BOTTOM OF THE 7TH
Barton Springs Blues batting - Pitching for Asheville Highlanders : RHP Jesús Gordini
Batting: RHB Donald Martin 0-0: Called Strike
0-1: Ball
1-1: Ball
2-1: Ball
3-1: Foul Ball, location: 2F
3-2: Ground out 6-3 (Groundball, 6, EV 87.5 MPH)
Batting: SHB Bill Gatacre 0-0: SINGLE (Line Drive, 6D, EV 95.6 MPH)
Batting: RHB Cyrillo Watson 0-0: Fielders Choice at 2nd, 1-6 (Groundball, 13S, EV 69.4 MPH)
Batting: RHB Shawn Mullins 0-0: Ball
1-0: SINGLE (Groundball, 6D, EV 96.9 MPH)
Cyrillo Watson to second
Batting: RHB Denny Wolfe 0-0: Swinging Strike
0-1: Ball
1-1: Swinging Strike
1-2: Ground out 5-3 (Groundball, 5S, EV 77.5 MPH)
Bottom of the 7th over - 0 runs, 2 hits, 0 errors, 2 left on base; Asheville 11 - Barton Springs 3
TOP OF THE 8TH
Asheville Highlanders batting - Pitching for Barton Springs Blues : LHP Laurens Bancroft
Batting: RHB Lane Ruffin 0-0: Ball
1-0: Ground out 6-3 (Groundball, 56, EV 82.5 MPH)
Batting: RHB Ted Murphy 0-0: Ball
1-0: Ball
2-0: Called Strike
2-1: Ball
3-1: Foul Ball, location: 2F
3-2: Base on Balls
Batting: RHB Dan Olson 0-0: Foul Ball, location: 2F
0-1: Called Strike
0-2: Strikes out swinging
Batting: LHB Juan Sapinoso 0-0: Called Strike
0-1: Called Strike
0-2: Ball
1-2: Strikes out swinging
Top of the 8th over - 0 runs, 0 hits, 0 errors, 1 left on base; Asheville 11 - Barton Springs 3
BOTTOM OF THE 8TH
Barton Springs Blues batting - Pitching for Asheville Highlanders : RHP Jesús Gordini
Batting: RHB George Towns 0-0: Ball
1-0: Called Strike
1-1: Ball
2-1: Ball
3-1: Called Strike
3-2: Base on Balls
Batting: RHB José González 0-0: Ball
1-0: Fly out, F7 (Line Drive, 7, EV 87.5 MPH)
Batting: RHB Mike O'Neill 0-0: Called Strike
0-1: Called Strike
0-2: Strikes out swinging
Batting: RHB Steffen Schulte 0-0: Ground out 1-3 (Groundball, 23, EV 68.8 MPH)
Bottom of the 8th over - 0 runs, 0 hits, 0 errors, 1 left on base; Asheville 11 - Barton Springs 3
TOP OF THE 9TH
Asheville Highlanders batting - Pitching for Barton Springs Blues : LHP Laurens Bancroft
Pitching: RHP Ralph Dunn
Batting: RHB Tikaroa Hakapuna 0-0: Called Strike
0-1: Fly out, F9 (Flyball, 9S, EV 94.4 MPH)
Batting: SHB Wendell Palmer 0-0: Foul Ball, location: 2F
0-1: Ball
1-1: Fly out, F7 (Line Drive, 7S, EV 104.4 MPH)
Batting: SHB Dean Barthorpe 0-0: Called Strike
0-1: Fly out, F7 (Flyball, 7LSF, EV 95.0 MPH)
Top of the 9th over - 0 runs, 0 hits, 0 errors, 0 left on base; Asheville 11 - Barton Springs 3
BOTTOM OF THE 9TH
Barton Springs Blues batting - Pitching for Asheville Highlanders : RHP Jesús Gordini
Batting: RHB Donald Martin 0-0: Ball
1-0: Foul Ball, location: 2F
1-1: Ground out 6-3 (Groundball, 56, EV 106.9 MPH)
Batting: SHB Bill Gatacre 0-0: Ball
1-0: Called Strike
1-1: Called Strike
1-2: Ball
2-2: Strikes out swinging
Batting: RHB Cyrillo Watson 0-0: Called Strike
0-1: Fly out, F8 (Flyball, 89M, EV 88.8 MPH)
Bottom of the 9th over - 0 runs, 0 hits, 0 errors, 0 left on base; Asheville 11 - Barton Springs 3
Friday, March 26th, 2021 - OOTP Baseball 20.8 Build 74